 Dungeon Crawl Stone Soup version 0.30-a0-1002-ga41ad49a19 (webtiles) character file.

Game seed: 9151309953287554370

945 ANON1729 the Magician (level 7, -9/12 (60) HPs)
             Began as a Yellow Draconian Reaver on Apr 5, 2023.
             Mangled by a wight
             ... wielding a +0 halberd
              (10 damage)
             ... on level 8 of the Dungeon.
             The game lasted 00:13:09 (5029 turns).

ANON1729 the Magician (Yellow Draconian Reaver)     Turns: 5029, Time: 00:13:10

HP:   -9/12 (60)    AC:  8    Str: 20    XL:     7   Next: 89%
MP:   15/15         EV: 12    Int: 15    God:
Gold: 232           SH:  0    Dex:  8    Spells: 8/15 levels left

rFire   . . .      SeeInvis +      - Unarmed
rCold   . . .      Faith    .    (no shield)
rNeg    . . .      Spirit   .    (body armour unavailable)
rPois   .          Reflect  .    (helmet restricted)
rElec   .          Rampage  .    (no cloak)
rCorr   +                        o - +0 pair of gloves
Will    .....                    n - +0 pair of boots
Stlth   +                        (no amulet)
HPRegen 0.22/turn                f - +6 ring of strength
MPRegen 0.14/turn                j - ring of see invisible

@: about to teleport, extremely drained
A: spit acid, AC +6, unfitting armour, cold-blooded, acid resistance, talons 1,
clumsy 1, high MP 1
a: Breathe Acid


You were on level 8 of the Dungeon.
You visited 1 branch of the dungeon, and saw 6 of its levels.

You collected 232 gold pieces.

Inventory:

Armour
 n - a +0 pair of boots (worn)
 o - a +0 pair of gloves (worn)
Jewellery
 e - a ring of fire
 f - a +6 ring of strength (left hand)
 j - a ring of see invisible (right hand)
 q - a ring of positive energy
Wands
 h - a wand of roots (2)
 B - a wand of flame (12)
Scrolls
 a - 2 scrolls of enchant weapon {unknown}
 c - 2 scrolls of vulnerability {unknown}
 g - a scroll of noise {unknown}
 i - a scroll of magic mapping {unknown}
 l - 2 scrolls of amnesia {unknown}
 p - 2 scrolls of teleportation
 r - a scroll of poison {unknown}
 s - a scroll of torment {unknown}
 t - a scroll of acquirement {unknown}
 v - 2 scrolls of identify {unknown}
 x - 2 scrolls of fear {unknown}
 y - a scroll of immolation {unknown}
 C - a scroll of enchant armour {unknown}
Potions
 b - a potion of haste
 d - a potion of degeneration
 k - a potion of brilliance
 m - a potion of might
 u - 2 potions of heal wounds
 w - a potion of lignification {unknown}
 z - 3 potions of curing


   Skills:
 + Level 4.3 Fighting
 + Level 3.7 Dodging
 + Level 0.3 Stealth
 + Level 4.6 Unarmed Combat
 * Level 4.8 Spellcasting
 + Level 4.5 Conjurations
 * Level 0.6 Transmutations
 * Level 2.0 Air Magic


You had 8 spell levels left.
You knew the following spells:

 Your Spells              Type           Power      Damage    Failure   Level
a - Kiss of Death         Conj/Necr      40%        2d8       7%          1
b - Shock                 Conj/Air       52%        1d6       4%          1
c - Blade Hands           Tmut           2%         N/A       98%         5

Your spell library contained the following spells:

 Spells                   Type           Power      Damage    Failure   Level
 Momentum Strike          Conj/Tloc      20%        3d8       10%         2
 Slow                     Hex            12%        N/A       17%         1
 Dazzling Flash           Conj/Hex       20%        N/A       21%         3
 Hailstorm                Conj/Ice       10%        3d5       21%         3
 Swiftness                Air            9%         N/A       22%         3
 Blink                    Tloc           6%         N/A       26%         2
 Lesser Beckoning         Tloc           6%         N/A       26%         2
 Confusing Touch          Hex            3%         N/A       45%         3
 Portal Projectile        Hex/Tloc       6%         N/A       45%         3
 Tukima's Dance           Hex            3%         N/A       45%         3
 Vampiric Draining        Necr           3%         2d6       45%         3
 Iskenderun's Mystic Bla  Conj/Tloc      10%        2d4       54%         4
 Airstrike                Air            4%         2d(1-17)  56%         4
 Conjure Ball Lightning   Conj/Air       6%         3x3d6     100%        6
 Starburst                Conj/Fire      5%         6d4       100%        6
 Discord                  Hex            1%         N/A       100%        8
 Disjunction              Tloc           1%         N/A       100%        8


Dungeon Overview and Level Annotations

Branches:
Dungeon (5/15)
 Temple: D:4-7

Altars:
Elyvilon
Gozag
Vehumet
Zin

Shops:
D:4 *   D:8 :

Annotations:
D:2 exclusion: downstairs
D:4 exclusion: downstairs


Innate Abilities, Weirdness & Mutations

You can spit globs of acid.
Your golden yellow scales are hard. (AC +6)
You cannot fit into any form of body armour.
You are cold-blooded and may be slowed by cold attacks.
You are resistant to acid. (rCorr)
You have sharp toenails.
You are clumsy. (Dex -2)
You have an increased reservoir of magic. (+10% MP)


Message History

Casting: Shock (safe; 4% risk of failure)
Confirm with . or Enter, or press ? or * to list all spells.
Aiming: Shock (safe; 4% risk of failure)
Press: ? - help, Shift-Dir - straight line, f/p - orc
Aim: an orc, wielding a +0 falchion and wearing a +0 scale mail (heavily wounded, 72% to hit)
The zap hits the orc.
You kill the orc!
Casting: Shock (safe; 4% risk of failure)
Confirm with . or Enter, or press ? or * to list all spells.
You can't see any susceptible monsters within range! (Use Z to cast anyway.)
Things that are here:
a +0 falchion; a +0 scale mail You start resting.
Magic restored.
Found a radiant altar of Vehumet.
Found a stone staircase leading down.
You now have 232 gold pieces (gained 13).
A wight comes into view.
It is wielding a +5 war axe of freezing.
A wight comes into view. It is wielding a +0 falchion.
A wight comes into view. It is wielding a +0 mace.
A bullfrog and a two-headed ogre come into view.
The bullfrog gives a loud, deep croak!
The two-headed ogre shouts in stereo!
As you read the scroll of teleportation, it crumbles to dust.
You feel strangely unstable. The bullfrog attacks as you move away!
The bullfrog hits you.
Your surroundings suddenly seem different.
A wight comes into view. It is wielding a +0 hand axe.
Found a book of Vapours.
Found a stone staircase leading up.
The wight hits you with a +0 hand axe.
You feel drained.
The wight hits you with a +4 morningstar.
You feel drained.
As you read the scroll of teleportation, it crumbles to dust.
You feel strangely unstable. The wight hits you with a +0 hand axe!
Ouch! That really hurt!
* * * LOW HITPOINT WARNING * * *
You feel drained.
* * * LOW HITPOINT WARNING * * *
The wight hits you from afar with a +0 halberd!
Ouch! That really hurt!
You die...

..#.....z..
................
.
......###.......
.. .....##
#....... #.
......#.....z...
..
.....:.>........
#. ##.......
......
#..#zz...##.
..<..#
#.zz@.......
...#
......###...#..
# ...<. ### ....
... .. .


You could see 4 wights.

Vanquished Creatures
  Sigmund (D:4)
  Duvessa (D:4)
  An ogre (D:3)
  A phantom (D:3)
  A scorpion (D:4)
  Dowan (D:4)
  A killer bee (D:4)
  A jelly (D:4)
  2 orc priests (D:8)
  An iguana (D:5)
  An orc wizard (D:3)
  8 adders
  4 gnolls (D:5)
  A shadow imp (D:3)
  2 worms (D:2)
  3 dart slugs
  10 orcs
  4 bats
  6 endoplasms
  6 giant cockroaches
  6 goblins
  10 hobgoblins
  5 jackals
  3 quokkas
  5 ball pythons
  5 frilled lizards
  7 kobolds
  3 rats
100 creatures vanquished.

Vanquished Creatures (others)
  A butterfly (D:5)
  3 plants (D:4)
4 creatures vanquished.

Grand Total: 104 creatures vanquished

Notes
Turn   | Place    | Note
-------+----------+-------------------------------------------
     0 | D:1      | ANON1729 the Draconian Reaver began the quest for the Orb.
     0 | D:1      | Reached XP level 1. HP: 17/17 MP: 3/3
   149 | D:1      | Reached XP level 2. HP: 16/16 MP: 1/5
   806 | D:2      | Reached XP level 3. HP: 24/26 MP: 6/6
  1152 | D:2      | Reached XP level 4. HP: 11/11 MP: 5/7
  1554 | D:3      | Noticed an ogre
  1965 | D:3      | Gained mutation: You are clumsy. (Dex -2) [potion of
                  | mutation]
  1965 | D:3      | Gained mutation: You have sharp toenails. [potion of
                  | mutation]
  1965 | D:3      | Gained mutation: You have an increased reservoir of magic.
                  | (+10% MP) [potion of mutation]
  1973 | D:3      | Reached XP level 5. HP: 13/20 MP: 8/10
  1987 | D:3      | Killed an ogre
  2432 | D:3      | Found a glowing silver altar of Zin.
  2432 | D:3      | Noticed an angel
  2525 | D:4      | Noticed a phantom
  2549 | D:3      | Killed a phantom
  2550 | D:3      | Reached XP level 6. HP: 31/49 MP: 12/12
  2725 | D:4      | Noticed Sigmund
  2743 | D:4      | Killed Sigmund
  2890 | D:4      | Your scales start taking on a golden yellow colour.
  2890 | D:4      | Reached XP level 7. HP: 41/55 MP: 14/14
  2890 | D:4      | Gained mutation: You are resistant to acid. (rCorr) [Yellow
                  | Draconian growth]
  3109 | D:4      | Found Ytuaf's Neck Hole.
  3120 | D:4      | Learned a level 1 spell: Shock
  3280 | D:4      | Noticed Duvessa
  3280 | D:4      | Noticed Dowan
  3295 | D:4      | Killed Duvessa
  3296 | D:4      | Reached skill level 1 in Air Magic
  3307 | D:4      | Killed Dowan
  3485 | D:4      | Found an opulent altar of Gozag.
  4166 | D:5      | Entered Level 5 of the Dungeon
  4464 | D:5      | Learned a level 5 spell: Blade Hands
  4499 | D:5      | Found a white marble altar of Elyvilon.
  4790 | D:5      | You fall into a shaft and drop 3 floors!
  4803 | D:8      | Found Ozaidd's Self-Improvement Boutique.
  4981 | D:8      | Found a radiant altar of Vehumet.
  5023 | D:8      | Noticed a two-headed ogre
  5029 | D:8      | Mangled by a wight

Illustrated notes

Levels and vault maps discovered:
D:1:      dpeg_arrival_arbitrary_a, layout_rooms
D:2:      layout_basic
D:3:      layout_basic, zin_angel, minmay_starry_boxes
D:4:      layout_layer_cave, grunt_gozag_breadcrumbs, chequers_big_river,
          kennysheep_pointless_box, dreamdust_mushroom_princess,
          nrook_mini_backslash, nicolae_shop_sticking_my_neck_out, uniq_sigmund,
          uniq_duvessa
D:5:      layout_loops_ring, nicolae_elyvilon_peaceful_grove, serial_shops,
          kennysheep_little_box, nicolae_shop_vocational
D:8:      cheibrodos_statue_roulette, layout_cave_pools, vehumet_statue,
          biasface_ghost_orc_armoury, grunt_decor_junction,
          nicolae_shop_self_help

Skill      XL: |  1  2  3  4  5  6  7 |
---------------+----------------------+-----
Dodging        | 2 3 |  3.7
Fighting       | 3 4 |  4.3
Spellcasting   | 3 4 |  4.8
Conjurations   | 4 |  4.5
Unarmed Combat | 4 |  4.6
Air Magic      | 2 |  2.0
Stealth        | |  0.3
Transmutations | |  0.6

Action                     |  1- 3 |  4- 6 |  7- 9 || total
---------------------------+-------+-------+-------++-------
  Melee: Unarmed           |   127 |   134 |    26 ||   287
         Tailslap          |    12 |    19 |     3 ||    34
         Punch             |     2 |     3 |     1 ||     6
   Cast: Kiss of Death     |     8 |     4 |     8 ||    20
         Shock             |       |       |    44 ||    44
Ability: Breathe Acid      |       |       |     2 ||     2
  Evoke: Wand              |       |     4 |     4 ||     8
    Use: Potion            |       |     7 |     1 ||     8
         Scroll            |       |       |     4 ||     4
 Armour: Skin              |    29 |    51 |    19 ||    99
  Dodge: Dodged            |    73 |    63 |    19 ||   155

Table legend: (Time is in decaauts)
 A = Elapsed time spent in this place.
 B = Non-inter-level travel time spent in this place.
 C = Inter-level travel time spent in this place.
 D = Time resting spent in this place.
 E = Time spent auto-exploring this place.
 F = Levels seen in this place.
 G = Mean time per level.
                   A        B        C        D        E       F      G
               +--------+--------+--------+--------+--------+-----+--------+
         Total |   5012 |   4702 |    310 |    364 |   3375 |   6 |  835.3 |
       Dungeon |   5012 |   4702 |    310 |    364 |   3375 |   6 |  835.3 |
               +--------+--------+--------+--------+--------+-----+--------+

Top non-repeatable levels by time:
     D:4: 1660 daAuts
     D:3: 968 daAuts
     D:2: 855 daAuts
     D:1: 750 daAuts
     D:5: 539 daAuts
     D:8: 238 daAuts
